 Dungeon Crawl Stone Soup version 0.31-a0-408-gb642c7f9a3 (webtiles) character file.

Game seed: 15899347506232504204

2494 Vomitron the Carver (level 9, -6/79 HPs)
             Began as a Minotaur Monk on July 30, 2023.
             Engulfed by a steam dragon's steam (8 damage)
             ... on level 6 of the Dungeon.
             The game lasted 00:07:31 (7020 turns).

Vomitron the Carver (Minotaur Monk)                 Turns: 7020, Time: 00:07:32

Health: -6/79      AC:  6    Str: 17    XL:     9   Next: 28%
Magic:  8/8        EV: 13    Int:  7    God:
Gold:   296        SH:  9    Dex: 16    Spells: 8/8 levels left

rFire   . . .        C - +1 whip (elec)
rCold   . . .        q - +0 buckler
rNeg    . . .        i - +0 ring mail
rPois   .            (helmet restricted)
rElec   .            (no cloak)
rCorr   .            (no gloves)
SInv    .            (no boots)
Will    .....        y - amulet of reflection
Stlth   +            (no ring)
HPRegen 0.33/turn    (no ring)
MPRegen 0.11/turn

%: reflection
@: hasted, very quick
A: horns 2, retaliatory headbutt
a: no special abilities


You were on level 6 of the Dungeon.
You visited 1 branch of the dungeon, and saw 6 of its levels.
You also visited: Ossuary.

You collected 296 gold pieces.

Inventory:

Hand Weapons
 a - a +1 falchion of chaos
 C - a +1 whip of electrocution (weapon)
Armour
 b - a +0 robe
 d - an orb of light
 i - a +0 ring mail (worn)
 q - a +0 buckler (worn)
 u - the +0 robe of the Akabeko {rF+++ Int-2 SInv Stlth+}
   (You found it on level 4 of the Dungeon)

   Int:       It affects your intelligence (-2).
   rF:        It renders you almost immune to fire.
   SInv:      It lets you see invisible.
   Stlth:     It makes you more stealthy.
 v - a +0 chain mail
Jewellery
 j - a ring of flight
 w - the ring "Jebah" {rPois rF+ Will+ rCorr Slay-5}
   (You found it in an ossuary)

   [ring of protection from fire]

   Slay:      It affects your accuracy & damage with ranged weapons and melee
   (-5).
   rF:        It protects you from fire.
   rPois:     It protects you from poison.
   rCorr:     It protects you from acid and corrosion.
   Will:      It increases your willpower.
 y - an amulet of reflection (around neck)
Wands
 r - a wand of flame (18)
 s - a wand of mindburst (23)
 E - a wand of paralysis (7)
Scrolls
 g - 2 scrolls of immolation
 k - a scroll of blinking
 o - 3 scrolls of teleportation
 t - 2 scrolls of enchant weapon
 A - a scroll of poison
 D - 4 scrolls of identify
 F - a scroll of amnesia
Potions
 c - 3 potions of ambrosia
 e - 2 potions of curing
 f - a potion of degeneration
 h - 2 potions of mutation
 l - a potion of magic
 m - a potion of might {unknown}
 n - a potion of brilliance {unknown}
 p - a potion of lignification {unknown}
 x - a potion of attraction
 z - a potion of haste


   Skills:
 + Level 7.6 Fighting
 * Level 10.2 Long Blades
 - Level 6.3 Armour
 + Level 6.9 Dodging
 + Level 1.3 Shields


You had 8 spell levels left.
You didn't know any spells.
Your spell library contained the following spells:

 Spells                   Type           Power      Damage    Failure   Level
 Apportation              Tloc           0%         N/A       71%         1
 Necrotise                Necr           0%         1d4       71%         1
 Slow                     Hex            0%         N/A       71%         1
 Summon Small Mammal      Summ           0%         N/A       71%         1
 Ensorcelled Hibernation  Hex/Ice        0%         N/A       85%         2
 Confusing Touch          Hex            0%         N/A       97%         3
 Vampiric Draining        Necr           0%         2d6       97%         3
 Anguish                  Hex/Necr       0%         N/A       100%        4


Dungeon Overview and Level Annotations

Branches:
Dungeon (6/15)            Ossuary (visited)
 Temple: D:4-7

Altars:


Innate Abilities, Weirdness & Mutations

You have a pair of horns on your head.
You reflexively headbutt those who attack you in melee.


Message History

The steam dragon breathes steam at you. The ball of steam hits you!!
You block the steam dragon's attack. The steam dragon claws you.
* * * LOW HITPOINT WARNING * * *
You hit the steam dragon but do no damage.
The steam dragon is moderately wounded.
You block the steam dragon's attack. The steam dragon barely misses you.
The steam dragon bites you but does no damage.
The steam dragon claws you but does no damage.
Unknown command.
You barely miss the steam dragon. You headbutt the steam dragon.
The steam dragon is heavily wounded.
You are engulfed in a cloud of scalding steam.
* * * LOW HITPOINT WARNING * * *
The fungus is engulfed in a cloud of scalding steam.
The fungus begins to die.
Unknown command.
You closely miss the steam dragon. Your headbutt misses the steam dragon.
The steam dragon is heavily wounded.
You are engulfed in a cloud of scalding steam.
* * * LOW HITPOINT WARNING * * *
The fungus is engulfed in a cloud of scalding steam.
The steam dragon breathes steam at you. The ball of steam hits you.
* * * LOW HITPOINT WARNING * * *
The steam dragon breathes steam at you. The ball of steam misses you.
You hit the steam dragon. Your headbutt misses the steam dragon.
The steam dragon is severely wounded.
You are engulfed in a cloud of scalding steam.
* * * LOW HITPOINT WARNING * * *
The fungus is engulfed in a cloud of scalding steam.
A nearby fungus withers and dies.
You block the steam dragon's attack.
The steam dragon claws you but does no damage.
The steam dragon misses you. The steam dragon claws you.
* * * LOW HITPOINT WARNING * * *
You closely miss the steam dragon.
The steam dragon is severely wounded.
You are engulfed in a cloud of scalding steam.
You die...

##...........##.# #.
###.............# #. #
#.....).....### #. #
####..####### #. #
#..### ## ######.###~.#
##### #...).>#
P~~P.####### ###~.P.
#.######
...P.§D..~.#######.P.P^.
#.#
......D@..§§..~P..~P~~~.
#.#
.......~.§..P...........
..#
.....#########^.~...~.~.
### P~≈. ########.P. ~≈.
#### ##


You could see 2 steam dragons.

Vanquished Creatures
  Pikel (D:5)
  The ghost of RepHenryClay the Conjurer, an amateur DECj of Sif Muna (D:4)
  Duvessa (D:4)
  3 black bears
  2 ogres
  2 lemures (D:5)
  9 scorpions
  Dowan (D:4)
  2 howler monkeys (D:6)
  A jelly (D:5)
  4 hounds
  A human zombie (Ossuary)
  An orc priest (D:3)
  3 iguanas
  2 sleepcaps
  An orc wizard (D:3)
  4 scorpion zombies (Ossuary)
  3 mummies (Ossuary)
  12 adders
  A shadow imp (D:6)
  An ufetubus (D:4)
  A worm (D:4)
  16 orcs
  6 ball pythons
  4 bats
  2 giant cockroaches
  12 goblins
  8 hobgoblins
  4 quokkas
  4 frilled lizards
  A gnoll zombie (Ossuary)
  3 hobgoblin zombies (Ossuary)
  5 kobolds
  8 rats
130 creatures vanquished.

Vanquished Creatures (collateral kills)
  A jelly (D:6)
1 creature vanquished.

Grand Total: 131 creatures vanquished

Notes
Turn   | Place    | Note
-------+----------+-------------------------------------------
     0 | D:1      | Vomitron the Minotaur Monk began the quest for the Orb.
     0 | D:1      | Reached XP level 1. HP: 19/19 MP: 0/0
   451 | D:1      | Reached XP level 2. HP: 19/27 MP: 1/1
   600 | D:1      | Reached skill level 4 in Long Blades
   769 | D:2      | Reached skill level 1 in Armour
   782 | D:2      | Reached XP level 3. HP: 33/33 MP: 2/2
  1627 | D:3      | Reached XP level 4. HP: 40/40 MP: 3/3
  1811 | D:3      | Reached skill level 5 in Long Blades
  2003 | D:3      | Reached XP level 5. HP: 45/47 MP: 4/4
  2573 | D:4      | Noticed an ogre
  2587 | D:4      | Killed an ogre
  2685 | D:4      | Found a sand-covered staircase.
  2709 | Ossuary  | Entered an ossuary
  2777 | Ossuary  | Reached skill level 6 in Long Blades
  2777 | Ossuary  | Reached XP level 6. HP: 48/55 MP: 5/5
  2781 | Ossuary  | Reached skill level 5 in Fighting
  3046 | Ossuary  | Reached XP level 7. HP: 16/61 MP: 6/6
  3204 | Ossuary  | Reached skill level 7 in Long Blades
  3204 | Ossuary  | Reached skill level 5 in Dodging
  3210 | Ossuary  | Identified the ring "Jebah" {rPois rF+ Will+ rCorr Slay-5}
  3267 | Ossuary  | HP: 3/62 [poisoned by a scorpion]
  3945 | D:4      | Noticed Duvessa
  3946 | D:4      | Noticed Dowan
  3956 | D:4      | Killed Duvessa
  3965 | D:4      | Killed Dowan
  3966 | D:4      | Reached skill level 8 in Long Blades
  3966 | D:4      | Reached XP level 8. HP: 42/70 MP: 7/7
  4320 | D:4      | Identified the +0 robe of the Akabeko {rF+++ Int-2 SInv
                  | Stlth+}
  4683 | D:4      | Found a runed translucent door.
  4695 | D:4      | Noticed RepHenryClay's ghost (amateur DECj)
  4738 | D:4      | Killed RepHenryClay's ghost
  4741 | D:4      | Reached skill level 5 in Armour
  5041 | D:5      | Entered Level 5 of the Dungeon
  5389 | D:5      | Noticed Pikel
  5403 | D:5      | HP: 2/71 [Pikel/+1 whip of electrocution (5)]
  5406 | D:5      | Killed Pikel
  5407 | D:5      | Reached skill level 9 in Long Blades
  5995 | D:5      | Reached XP level 9. HP: 78/79 MP: 8/8
  6491 | D:6      | Reached skill level 10 in Long Blades
  6701 | D:6      | Reached skill level 1 in Shields
  7019 | D:6      | HP: 2/79 [steam dragon (3)]
  7020 | D:6      | Engulfed by a steam dragon's steam

Illustrated notes

Levels and vault maps discovered:
D:1:      dpeg_chamrin_arrival_tetris, layout_loops_ring, serial_glass,
          glass_columns_a, glass_columns_c
D:2:      layout_basic, minmay_tromino_i2
D:3:      layout_basic
D:4:      layout_cave_pods, lightli_ossuary_entry_decrepit_ruins,
          ebering_ghost_sewer_d, hangedman_minor_gate_pass, uniq_duvessa
D:5:      layout_basic, serial_rivers, chequers_serial_rivers_micro_a,
          chequers_serial_rivers_small_b, chequers_serial_rivers_large_a,
          chequers_serial_rivers_micro_c, uniq_pikel
D:6:      kennysheep_steamy, layout_basic

Skill      XL: |  1  2  3  4  5  6  7  8  9 |
---------------+----------------------------+-----
Long Blades    | 4 5 6 8 9 10 | 10.2
Armour         | 1 2 3 4 6 |  6.3
Fighting       | 4 5 6 7 |  7.6
Dodging        | 4 5 6 |  6.9
Shields        | 1 |  1.3

Action                     |  1- 3 |  4- 6 |  7- 9 || total
---------------------------+-------+-------+-------++-------
  Melee: Falchion          |    72 |   122 |   120 ||   314
         Headbutt          |     9 |    39 |    60 ||   108
         Whip              |       |       |    81 ||    81
    Use: Scroll            |       |       |    16 ||    16
         Potion            |       |       |     4 ||     4
   Stab: Paralysed         |       |       |     1 ||     1
 Armour: Ring mail         |    25 |    49 |    45 ||   119
  Dodge: Dodged            |    31 |    68 |   126 ||   225
  Block: Buckler           |       |       |    26 ||    26

Table legend: (Time is in decaauts)
 A = Elapsed time spent in this place.
 B = Non-inter-level travel time spent in this place.
 C = Inter-level travel time spent in this place.
 D = Time resting spent in this place.
 E = Time spent auto-exploring this place.
 F = Levels seen in this place.
 G = Mean time per level.
                   A        B        C        D        E       F      G
               +--------+--------+--------+--------+--------+-----+--------+
         Total |   7047 |   6710 |    337 |   1275 |   4439 |   7 | 1006.7 |
       Dungeon |   6139 |   5802 |    337 |    720 |   4303 |   6 | 1023.2 |
       Ossuary |    908 |    908 |      0 |    555 |    136 |   1 |  908.0 |
               +--------+--------+--------+--------+--------+-----+--------+

Top non-repeatable levels by time:
     D:4: 1658 daAuts
     D:5: 1302 daAuts
     D:3: 959 daAuts
 Ossuary: 908 daAuts
     D:2: 876 daAuts
     D:1: 746 daAuts
     D:6: 594 daAuts
